 Dungeon Crawl Stone Soup version 0.22.1-2-g9c5b331 (webtiles) character file.

3059 Harpaggios the Blocker (level 9, -4/74 HPs)
             Began as a Barachi Fighter on Nov 2, 2018.
             Was a Believer of Qazlal.
             Slain by a hippogriff (5 damage)
             ... on level 8 of the Dungeon on Dec 21, 2018.
             The game lasted 00:37:43 (8241 turns).

Harpaggios the Blocker (Barachi Fighter)            Turns: 8241, Time: 00:37:43

Health: -4/74      AC:  9    Str: 20    XL:     9   Next: 87%
Magic:  11/11      EV:  9    Int: 10    God:    Qazlal [**....]
Gold:   399        SH: 13    Dex: 11    Spells: 8/8 levels left

rFire    + + +     SeeInvis .   u - +2 flail (crush)
rCold    . . .     Gourm    .   c - +0 shield
rNeg     + . .     Faith    .   j - +1 ring mail {rF+}
rPois    .         Spirit   .   e - +2 hat {MR+}
rElec    .         Reflect  .   (no cloak)
rCorr    .         Harm     .   (no gloves)
MR       +....                  (no boots)
Stlth    ..........             (no amulet)
HPRegen  0.00/turn              s - ring of positive energy
MPRegen  0.12/turn              a - ring of protection from fire

@: lethally poisoned (-4 -> -5), slow
A: +LOS, swims, talons 1, fire resistance 1, slowness 1, inhibited regeneration,
strong legs 1
a: Hop, Upheaval, Renounce Religion


You were on level 8 of the Dungeon.
You worshipped Qazlal.
Qazlal was pleased with you.
You were not hungry.

You visited 2 branches of the dungeon, and saw 9 of its levels.

You collected 399 gold pieces.

Inventory:

Hand Weapons
 u - a +2 flail of crushing (weapon)
Armour
 c - a +0 shield (worn)
 e - a +2 hat of magic resistance (worn)
 j - a +1 ring mail of fire resistance (worn)
Jewellery
 a - a ring of protection from fire (right hand)
 p - an uncursed amulet of the acrobat
 s - a ring of positive energy (left hand)
 v - an uncursed ring of protection from cold
Wands
 b - a wand of iceblast (17)
 g - a wand of random effects (17)
 l - a wand of flame (25)
Scrolls
 i - a scroll of amnesia
 k - a scroll of remove curse
 m - 3 scrolls of enchant weapon
 q - 2 scrolls of identify
Potions
 d - a potion of might
 n - 3 potions of curing
 o - a potion of agility
 t - a potion of mutation
Comestibles
 f - 11 rations
 h - 2 chunks of flesh


   Skills:
 - Level 8.0 Fighting
 + Level 7.6 Maces & Flails
 - Level 8.0 Armour
 + Level 8.1 Shields
 * Level 3.8 Invocations


You had 8 spell levels left.
You didn't know any spells.
Your spell library was empty.

Dungeon Overview and Level Annotations

Branches:
Dungeon (8/15)             Temple (1/1) D:4
   Lair: D:8-11

Altars:
Ashenzari
Cheibriados
Elyvilon
Fedhas
Gozag
Hepliaklqana
Makhleb
Nemelex Xobeh
Okawaru
Qazlal
Ru
Sif Muna
Vehumet
Wu Jian
Xom
Yredelemnul


Innate Abilities, Weirdness & Mutations

Shadows flee at your approach. (+LOS)
You can swim through water.
You cover ground slowly.
You can hop short distances.
You have sharp toenails.
Your flesh is heat resistant. (rF+)
You do not regenerate when monsters are visible.


Message History

You feel sick.
The ogre shouts!
You see here an adder corpse.
You butcher the adder corpse.
A hound comes into view.
You see here 2 chunks of flesh.
h - 2 chunks of flesh The hippogriff is engulfed in freezing vapours.
You hit the hippogriff.
The hippogriff is heavily wounded.
You feel sick. The hippogriff bites you.
* * * LOW HITPOINT WARNING * * *
You block the hippogriff's attack. The hippogriff claws you.
* * * LOW HITPOINT WARNING * * *
You hit the hippogriff. Your kick misses the hippogriff.
The hippogriff is severely wounded.
The hippogriff bites you.
* * * LOW HITPOINT WARNING * * *
You block the hippogriff's attack. The hippogriff claws you.
You die...

#. .. .. .# #. .# .o )# o.
### ##.# ... #. .. #..
#####.. #h .. # #.
#.###........ #o ...#.
#.#####.H@..# #..(# #)
......##.....)ยง##### #...#
###o ...n....#.....O....#
#...# #...
#............#.###...# #.o.
##.#.......#.#.......# #H..
#.........#.#####...#####...
#####.#h.......##.#...)...W.
#......#.)#.#..#######...
#.....###.#...## #...


You could see a hippogriff.

Vanquished Creatures
  A hippogriff (D:7)
  Menkaure (D:5)
  Duvessa (D:6)
  2 orc warriors
  2 ice beasts
  An ogre (D:8)
  A phantom (D:4)
  A sky beast (D:5)
  A necrophage (D:8)
  A centaur (D:6)
  6 bullfrogs
  Dowan (D:6)
  A water moccasin skeleton (D:7)
  3 scorpions
  A howler monkey (D:2)
  2 crimson imps
  A centaur zombie (D:7)
  A hound (D:4)
  2 orc priests (D:3)
  A bullfrog zombie (D:5)
  A gnoll shaman (D:6)
  2 jellies
  8 orc wizards
  A centaur skeleton (D:7)
  3 iguanas
  Ijyb (D:3)
  6 worker ants
  A hound zombie (D:6)
  A worker ant zombie (D:5)
  4 gnolls (D:6)
  9 adders
  A shadow imp (D:6)
  2 adder skeletons
  4 worms
  4 dart slugs
  6 leopard geckos
  34 orcs
  8 bats
  2 giant cockroaches
  14 goblins
  12 hobgoblins
  17 jackals
  7 kobolds
  2 quokkas
  2 ball pythons
  2 frilled lizards
  A jackal skeleton (D:8)
  4 rats
190 creatures vanquished.

Notes
Turn   | Place    | Note
-------+----------+-------------------------------------------
     0 | D:1      | Harpaggios the Barachi Fighter began the quest for the Orb.
     0 | D:1      | Reached XP level 1. HP: 18/18 MP: 1/1
    83 | D:1      | Reached XP level 2. HP: 23/25 MP: 2/2
   366 | D:1      | Reached XP level 3. HP: 30/30 MP: 3/3
   893 | D:2      | Reached XP level 4. HP: 22/37 MP: 4/4
  1834 | D:3      | Reached XP level 5. HP: 43/43 MP: 5/5
  2027 | D:3      | Reached skill level 5 in Fighting
  2027 | D:3      | Reached skill level 5 in Armour
  2027 | D:3      | Reached XP level 6. HP: 32/51 MP: 6/6
  2456 | D:3      | Noticed Ijyb
  2477 | D:3      | Killed Ijyb
  3091 | D:4      | Reached skill level 5 in Shields
  3148 | D:4      | Reached XP level 7. HP: 37/56 MP: 7/7
  3622 | D:4      | Found a staircase to the Ecumenical Temple.
  3627 | Temple   | Entered the Ecumenical Temple
  3685 | Temple   | Became a worshipper of Qazlal Stormbringer
  4152 | D:5      | Entered Level 5 of the Dungeon
  4190 | D:5      | Reached skill level 5 in Maces & Flails
  4267 | D:5      | Noticed Menkaure
  4281 | D:5      | Killed Menkaure
  4281 | D:5      | Reached XP level 8. HP: 36/65 MP: 8/8
  4286 | D:5      | Gained mutation: You do not regenerate when monsters are
                  | visible. [potion of mutation]
  4286 | D:5      | Gained mutation: You have supernaturally acute eyesight.
                  | (SInv) [potion of mutation]
  4286 | D:5      | Gained mutation: You have sharp toenails. [potion of
                  | mutation]
  4287 | D:5      | Lost mutation: You have sharp toenails. [potion of
                  | mutation]
  4287 | D:5      | Lost mutation: You have supernaturally acute eyesight.
                  | (SInv) [potion of mutation]
  4287 | D:5      | Gained mutation: Your flesh is heat resistant. (rF+)
                  | [potion of mutation]
  4287 | D:5      | Gained mutation: You have sharp toenails. [potion of
                  | mutation]
  4603 | D:5      | HP: 3/65 [worker ant (1)]
  5172 | D:5      | Reached * piety under Qazlal
  5174 | D:5      | Found a sparkling altar of Nemelex Xobeh.
  5827 | D:6      | Noticed Duvessa
  5833 | D:6      | Noticed Dowan
  5839 | D:6      | HP: 3/67 [Duvessa/short sword of protection (7)]
  5846 | D:6      | Killed Duvessa
  5846 | D:6      | Reached XP level 9. HP: 9/72 MP: 9/9
  5849 | D:6      | HP: 3/72 [Dowan/stone arrow (6)]
  5856 | D:6      | Killed Dowan
  5979 | D:6      | Found a snail-covered altar of Cheibriados.
  6625 | D:7      | Found a shimmering altar of Xom.
  6644 | D:7      | Upgraded the game from 0.22.1-1-ga44c0e5 to
                  | 0.22.1-2-g9c5b331
  6907 | D:7      | Reached skill level 1 in Invocations
  7486 | D:7      | Found a deep blue altar of Sif Muna.
  7486 | D:7      | Found an ornate altar of the Wu Jian Council.
  8228 | D:8      | Reached ** piety under Qazlal
  8241 | D:8      | HP: 1/74 [hippogriff (6)]
  8241 | D:8      | Slain by a hippogriff

Skill      XL: |  1  2  3  4  5  6  7  8  9 |
---------------+----------------------------+-----
Fighting       | 4 5 6 7 8 |  8.0
Armour         | 4 5 6 7 8 |  8.0
Maces & Flails | 3 4 5 6 7 |  7.6
Shields        | 4 5 7 8 |  8.1
Invocations    | 3 |  3.8

Action                   |  1- 3 |  4- 6 |  7- 9 || total
-------------------------+-------+-------+-------++-------
Melee: Flail             |   101 |   287 |   373 ||   761
       Kick              |       |       |    68 ||    68
 Abil: Hop               |       |       |     3 ||     3
  Use: Scroll            |     3 |     5 |     7 ||    15
       Potion            |       |     3 |    12 ||    15
  Eat: Chunk             |     1 |     8 |    15 ||    24
       Ration            |       |       |     1 ||     1
Armor: Scale mail        |    34 |    18 |       ||    52
       Ring mail         |       |   133 |   115 ||   248
Dodge: Dodged            |    24 |   126 |   128 ||   278
Block: Shield            |    48 |   187 |   206 ||   441
